 Dungeon Crawl Stone Soup version 0.27-a0-1290-g15d3ce7508 (webtiles) character file.

Game seed: 9728516697510845424

247 Delamore the Chopper (level 6, -8/50 HPs)
             Began as a Formicid Fighter on June 15, 2021.
             Was a Believer of Vehumet.
             Killed from afar by Dowan (24 damage)
             ... with a shard of ice
             ... on level 4 of the Dungeon.
             The game lasted 00:03:11 (3240 turns).

Delamore the Chopper (Formicid Fighter)             Turns: 3240, Time: 00:03:12

Health: -8/50      AC:  6    Str: 23    XL:     6   Next: 34%
Magic:  6/6        EV:  8    Int:  7    God:    Vehumet [**....]
Gold:   240        SH:  9    Dex: 10    Spells: 5/5 levels left

rFire    . . .     SeeInvis +   a - +0 war axe
rCold    . . .     Faith    .   c - +0 kite shield
rNeg     . . .     Spirit   .   b - +0 scale mail
rPois    .         Reflect  .   (helmet unavailable)
rElec    .         Harm     .   (no cloak)
rCorr    .         Rampage  .   (no gloves)
Will     .....                  (no boots)
Stlth    ..........             (no amulet)
HPRegen  0.16/turn              (no ring)
MPRegen  0.10/turn              (no ring)

@: no status effects
A: permanent stasis, dig shafts and tunnels, antennae 3, four strong arms
a: Dig, Shaft Self, Renounce Religion


You were on level 4 of the Dungeon.
You worshipped Vehumet.
Vehumet was pleased with you.
You visited 1 branch of the dungeon, and saw 4 of its levels.

You collected 264 gold pieces.
You spent 24 gold pieces at shops.

Inventory:

Hand Weapons
 a - a +0 war axe (weapon)
Missiles
 e - 3 poisoned darts (quivered)
Armour
 b - a +0 scale mail (worn)
 c - a +0 kite shield (worn)
Wands
 m - a wand of polymorph (5)
Scrolls
 n - a scroll of magic mapping
Potions
 d - 2 potions of might
 f - a potion of heal wounds {unknown}
 g - a potion of resistance {unknown}
 h - 2 potions of curing
 i - 2 potions of flight {unknown}
 j - a potion of haste {unknown}
 k - 2 potions of mutation {unknown}
 l - a potion of berserk rage {unknown}


   Skills:
 + Level 4.9 Fighting
 * Level 5.2 Axes
 - Level 3.2 Armour
 - Level 3.6 Shields


You had 5 spell levels left.
You didn't know any spells.
Your spell library contained the following spells:

 Spells                   Type           Power      Damage    Failure   Level
 Poisonous Vapours        Pois/Air       0%         N/A       99%         2
 Magic Dart               Conj           0%         1d3       98%         1
 Searing Ray              Conj           0%         3d3       99%         2
 Dazzling Flash           Conj/Hex       0%         N/A       100%        3
 Fulminant Prism          Conj/Hex       0%         3d6       100%        4
 Iskenderun's Mystic Bla  Conj/Tloc      0%         2d3       100%        4


Dungeon Overview and Level Annotations

Branches:
Dungeon (4/15)
 Temple: D:4-7

Altars:
Vehumet

Shops:
D:2 *

Annotations:
D:4 Dowan


Innate Abilities, Weirdness & Mutations

You cannot be hasted, slowed, berserked, paralysed or teleported.
You can dig through walls and to a lower floor.
You have a pair of large antennae on your head. (SInv)
Your four strong arms can wield two-handed weapons with a shield.


Message History

Duvessa is severely wounded.
You block Duvessa's attack.
You slash Duvessa!
You kill Duvessa!
Vehumet accepts your kill.
Dowan screams, "No!
Oh no!"
Dowan seems to find hidden reserves of power!
Dowan hits you but does no damage.
Your Axes skill increases to level 5!
You have reached level 6!
Your experience leads to an increase in your attributes!
Increase (S)trength, (I)ntelligence, or (D)exterity?
You feel stronger.
You barely miss Dowan. Dowan barely misses you.
Dowan casts a spell.
Dowan blinks!
Dowan casts a spell.
Dowan blinks!
You block Dowan's attack.
Items here: )) [ †.
You hit Dowan but do no damage. Dowan barely misses you. x2
You closely miss Dowan.
Dowan points at you and mumbles some strange words.
The stone arrow hits you! Dowan gestures at you while chanting.
The stone arrow hits you.
* * * LOW HITPOINT WARNING * * *
Dowan hits you but does no damage.
There is a stone staircase leading up here.
You closely miss Dowan. Dowan hits you but does no damage.
Dowan hits you with a +0 dagger.
* * * LOW HITPOINT WARNING * * *
You feel better. Dowan hits you with a +0 dagger.
Dowan points at you and mumbles some strange words.
You block the stone arrow.
You slash Dowan!
Dowan is severely wounded.
You block Dowan's attack. Dowan casts a spell at you.
The shard of ice hits you!!
You die...

#.....#
###......####.####
### #.....#
####.#####.#######
#.#.#.#
#......#.#......#
#.
#.#.....##.####.#
#.#.....##.####.###
#.#.....##†##......
{
#.#...........#.###
#.##...###.####.#
#.@e...# #......#
######## ########


You could see Dowan (fast).

Vanquished Creatures
  Duvessa (D:4)
  Natasha (twice) (D:4)
  A hound skeleton (D:3)
  3 adders
  A worm (D:3)
  2 dart slugs
  3 orcs
  6 ball pythons
  6 bats
  4 endoplasms
  2 giant cockroaches
  5 goblins
  4 hobgoblins
  6 kobolds
  4 quokkas
  A frilled lizard (D:3)
  2 rats
53 creatures vanquished.

Vanquished Creatures (others)
  A plant (D:3)
1 creature vanquished.

Grand Total: 54 creatures vanquished

Notes
Turn   | Place    | Note
-------+----------+-------------------------------------------
     0 | D:1      | Delamore the Formicid Fighter began the quest for the Orb.
     0 | D:1      | Reached XP level 1. HP: 18/18 MP: 1/1
   109 | D:1      | Reached XP level 2. HP: 22/24 MP: 2/2
   350 | D:1      | Reached XP level 3. HP: 27/30 MP: 3/3
   360 | D:1      | Reached skill level 3 in Axes
   542 | D:1      | Found a faded altar of an unknown god.
   651 | D:1      | Became a worshipper of Vehumet
   651 | D:1      | Reached * piety under Vehumet
   651 | D:1      | Offered knowledge of Freeze by Vehumet.
   691 | D:2      | Found Hiqabu's General Store.
   699 | D:2      | Bought a scroll of identify for 24 gold pieces
  1745 | D:3      | Reached XP level 4. HP: 32/37 MP: 4/4
  1863 | D:3      | Reached ** piety under Vehumet
  1877 | D:3      | Offered knowledge of Poisonous Vapours by Vehumet.
  2544 | D:4      | Noticed Natasha
  2551 | D:4      | Reached skill level 4 in Axes
  2552 | D:4      | Killed Natasha
  2553 | D:4      | Reached XP level 5. HP: 11/43 MP: 5/5
  3082 | D:4      | Noticed Natasha
  3087 | D:4      | Killed Natasha
  3198 | D:4      | Noticed Dowan
  3199 | D:4      | Noticed Duvessa
  3232 | D:4      | Killed Duvessa
  3233 | D:4      | Reached skill level 5 in Axes
  3233 | D:4      | Reached XP level 6. HP: 33/50 MP: 6/6
  3240 | D:4      | Killed from afar by Dowan

Illustrated notes

Levels and vault maps discovered:
D:1:      dpeg_arrival_simpleton_b, layout_rooms, ebering_ecumenical_altar_hall,
          st_stairs_4
D:2:      layout_basic, serial_shops, shop
D:3:      layout_loops_ring, serial_bayou_ford_a
D:4:      layout_loops_cross, serial_bayou_pond_a,
          minmay_misc_feat_four_crosses, uniq_duvessa, uniq_natasha

Skill      XL: |  1  2  3  4  5 |
---------------+----------------+-----
Axes           | 3 4 5 |  5.2
Fighting       | 4 |  4.9
Armour         | |  3.2
Shields        | |  3.6

Action                   |  1- 3 |  4- 6 || total
-------------------------+-------+-------++-------
Melee: War axe           |    95 |    94 ||   189
Throw: Dart              |       |     4 ||     4
 Abil: Dig               |       |     2 ||     2
  Use: Scroll            |     5 |     2 ||     7
       Potion            |       |     1 ||     1
Armor: Scale mail        |    37 |    40 ||    77
Dodge: Dodged            |    28 |    28 ||    56
Block: Kite shield       |    48 |    60 ||   108

Table legend: (Time is in decaauts)
 A = Elapsed time spent in this place.
 B = Non-inter-level travel time spent in this place.
 C = Inter-level travel time spent in this place.
 D = Time resting spent in this place.
 E = Time spent auto-exploring this place.
 F = Levels seen in this place.
 G = Mean time per level.
                   A        B        C        D        E       F      G
               +--------+--------+--------+--------+--------+-----+--------+
         Total |   3345 |   3196 |    149 |    220 |   2461 |   4 |  836.2 |
       Dungeon |   3345 |   3196 |    149 |    220 |   2461 |   4 |  836.2 |
               +--------+--------+--------+--------+--------+-----+--------+

Top non-repeatable levels by time:
     D:3: 1016 daAuts
     D:2: 894 daAuts
     D:4: 723 daAuts
     D:1: 711 daAuts
